 Dungeon Crawl Stone Soup version 0.22-a0-570-g58866f5 (webtiles) character file.

82537 opiumtea the Carver (level 15, -1/138 HPs)
             Began as a Minotaur Berserker on June 30, 2018.
             Was a High Priest of Trog.
             Slain by a swamp drake (8 damage)
             ... on level 1 of the Swamp on July 1, 2018.
             The game lasted 01:55:47 (25473 turns).

opiumtea the Carver (Minotaur Berserker)           Turns: 25473, Time: 01:55:48

Health: -1/138     AC: 24    Str: 30    XL:     15   Next: 29%
Magic:  5/6        EV: 17    Int:  7    God:    Trog [*****.]
Gold:   1483       SH:  0    Dex: 26    Spells: 14/14 levels left

rFire    x . .     SeeInvis .   a - +3 triple sword (antimagic)
rCold    . . .     Gourm    .   (shield currently unavailable)
rNeg     . . .     Faith    +   R - +0 plate armour
rPois    .         Spirit   .   (helmet restricted)
rElec    .         Reflect  .   l - +2 cloak
rCorr    .         Harm     .   H - +1 pair of gloves
MR       +....                  v - +2 pair of boots
Stlth    ..........             e - amulet of faith
HPRegen  0.33/turn              A - ring of Cimu {+Blink rF- Str+2 Int+3 Dex+8}
MPRegen  0.10/turn              U - ring of Larunkox {Str+5 Dex+3}

@: no status effects
A: retaliatory headbutt, horns 2
a: Berserk, Trog's Hand, Brothers in Arms, Renounce Religion, Evoke Blink


You were on level 1 of the Swamp.
You worshipped Trog.
Trog was extremely pleased with you.
You were hungry.

You visited 4 branches of the dungeon, and saw 23 of its levels.
You also visited: Sewer.

You collected 1973 gold pieces.
You spent 490 gold pieces at shops.

Inventory:

Hand Weapons
 a - a +3 antimagic triple sword (weapon)
 b - a +4 hunting sling of velocity
 C - a +2 great sword of holy wrath
 L - a +4 falchion of flaming
Missiles
 u - 232 sling bullets
Armour
 l - a +2 cloak (worn)
 v - a +2 pair of boots (worn)
 D - a +0 large shield
 H - a +1 pair of gloves (worn)
 R - a +0 plate armour (worn)
 Z - +0 ice dragon scales
Jewellery
 e - an amulet of faith (around neck)
 g - an uncursed ring of resist corrosion
 h - an uncursed ring of see invisible
 t - an uncursed ring of flight
 A - the ring of Cimu (left hand) {+Blink rF- Str+2 Int+3 Dex+8}
   (You found it on level 5 of the Dungeon)

   [ring of intelligence]

   It affects your strength (+2).
   It affects your intelligence (+3).
   It affects your dexterity (+8).
   It makes you vulnerable to fire.
   It lets you blink.
 K - a +5 ring of evasion
 N - an uncursed ring of ice
 O - a +5 ring of protection
 U - the ring of Larunkox (right hand) {Str+5 Dex+3}
   (You found it on level 13 of the Dungeon)

   [ring of strength]

   It affects your strength (+5).
   It affects your dexterity (+3).
 W - an uncursed ring of protection from cold
Wands
 d - a wand of random effects (82)
 f - a wand of enslavement (11)
 G - a wand of clouds (4)
 I - a wand of paralysis (31)
 P - a wand of polymorph (26)
 Q - a wand of acid (20)
 T - a wand of scattershot (6)
Scrolls
 i - 3 scrolls of magic mapping
 o - 2 scrolls of fear
 w - 12 scrolls of teleportation
 y - 2 scrolls of immolation
 z - 3 scrolls of holy word {unknown}
 B - 2 scrolls of blinking
 S - 2 scrolls of fog
Potions
 j - 3 potions of curing
 m - 4 potions of invisibility
 n - 2 potions of resistance
 p - 7 potions of flight
 q - 4 potions of might
 r - 6 potions of heal wounds
 x - a potion of haste
 E - 2 potions of ambrosia
 M - a potion of agility
 X - a potion of lignification
Comestibles
 c - 32 rations
 k - 3 chunks of flesh


   Skills:
 - Level 14.0 Fighting
 - Level 14.2 Long Blades
 + Level 14.2 Slings
 - Level 10.4 Armour
 - Level 11.1 Dodging
 - Level 10.0 Shields
 - Level 8.0 Evocations


You had 14 spell levels left.
You didn't know any spells.
Your spell library was empty.

Dungeon Overview and Level Annotations

Branches:
Dungeon (15/15)            Temple (0/1) D:7            Lair (6/6) D:11
  Swamp (1/4) Lair:2       Spider (1/4) Lair:2          Orc (0/2) D:9
 Vaults (0/5) D:14         Depths (0/5) D:15
  Slime: Lair:5-6

Altars:
Cheibriados
Dithmenos
Elyvilon
Nemelex Xobeh
Okawaru
Trog
Xom
The Shining One

Shops:
D:4 =

Annotations:
Lair:6 exclusion: oklob plant


Innate Abilities, Weirdness & Mutations

You reflexively headbutt those who attack you in melee.
You have a pair of horns on your head.


Message History

Your troll claws the tyrant leech!!
The tyrant leech dies!
Trog accepts your kill.
Your troll misses the spriggan rider.
Your troll closely misses the spriggan rider. x2
The spriggan rider misses you.
Your troll barely misses the spriggan rider.
Your troll misses the spriggan rider. x2; The spriggan rider barely misses you.
You blink.
You feel slightly more hungry.
Your troll barely misses the spriggan rider.
Your troll misses the spriggan rider.
Your troll barely misses the spriggan rider.
The spriggan rider hits you from afar with an enchanted spear!
* * * LOW HITPOINT WARNING * * *
The spriggan rider hits you from afar with a spear.
* * * LOW HITPOINT WARNING * * *
Your troll closely misses the spriggan rider.
Your troll claws the spriggan rider!
Your troll misses the spriggan rider. The swamp drake bites you!
You die...

≈≈≈≈.≈≈.≈≈≈.≈≈♣♣♣♣♣♣♣♣≈≈
.§≈≈..(.≈≈≈..♣♣ ♣....♣≈
...≈.≈≈≈>≈..≈♣ ♣.≈≈♣≈≈
≈..≈≈≈≈≈♣((♣♣♣ ♣.≈≈≈≈≈
♣...≈§(((§(.♣♣♣♣♣.≈♣≈≈≈
♣♣♣......≈≈≈(...≈.≈≈≈≈≈
♣♣♣≈..i≈≈≈.≈≈≈.♣♣♣♣≈≈
♣...i≈≈≈.≈≈≈≈♣ ♣≈≈
≈♣k@..T§.>.≈÷.♣ ♣≈
♣..≈≈≈..≈≈≈.≈≈...♣♣♣♣♣♣
§≈..≈≈≈≈.≈≈.♣≈♣♣♣≈♣♣.≈♣♣
≈≈≈≈≈......♣♣♣♣ ♣..≈...♣
♣.≈≈≈>.≈≈≈♣♣ ♣♣.≈.≈.≈
♣≈≈≈≈.≈♣♣♣♣ ♣♣♣≈..≈
♣≈.≈≈.≈ ♣♣♣≈. ♣≈.≈≈..
♣♣.†≈♣ ♣.<†..


You could see 2 spriggan riders, a swamp drake and a friendly troll (berserk).

Vanquished Creatures
  Rupert (Lair:4)
  A ghost moth (Lair:2)
  An emperor scorpion (Lair:2)
  Snorg (Lair:4)
  5 hydras
  An ice dragon (Lair:6)
  5 two-headed ogres
  Erica (Lair:2)
  An alligator (Swamp:1)
  A death yak (Lair:6)
  A fire crab (Lair:6)
  Nergalle (Lair:1)
  8 skeletal warriors
  2 unseen horrors
  2 lindwurms (Lair:6)
  2 deep elf magi
  4 ugly things (D:15)
  A wolf spider (Spider:1)
  9 elephants
  3 cyclopes
  A salamander (shapeshifter) (D:15)
  Maurice (D:12)
  3 black mambas
  An eye of devastation (shapeshifter) (D:14)
  2 gargoyles
  13 spiny frogs
  6 torpor snails (Lair:6)
  7 komodo dragons
  4 rime drakes
  A komodo dragon (shapeshifter) (D:14)
  A demonic crawler (Lair:2)
  6 hornets
  16 blink frogs
  Prince Ribbit (Lair:2)
  4 polar bears (D:13)
  3 trolls
  3 tyrant leeches (Lair:6)
  5 slime creatures (D:15)
  17 hippogriffs
  A dream sheep (D:13)
  A centaur simulacrum (D:14)
  A vampire (D:13)
  A spriggan (Swamp:1)
  2 wyverns
  37 yaks
  9 redbacks
  A tarantella (Lair:2)
  7 hogs
  5 basilisks
  A hungry ghost (D:12)
  A human (D:9)
  Grum (D:9)
  3 vampire mosquitoes (Swamp:1)
  4 swamp worms (Swamp:1)
  12 water moccasins
  An acid dragon (D:12)
  10 porcupines
  6 black bears
  5 ice beasts
  6 orc warriors
  An eye of draining (D:12)
  4 phantoms
  4 sky beasts
  11 ogres
  9 wolves
  19 centaurs
  6 crocodiles
  5 big kobolds
  11 bullfrogs
  5 scorpions
  A water moccasin skeleton (D:5)
  5 wights (D:9)
  14 killer bees
  3 howler monkeys
  An electric eel (Lair:2)
  4 crimson imps
  3 centaur zombies
  A bullfrog zombie (D:10)
  3 hounds
  5 jellies
  9 orc wizards
  2 bullfrog skeletons
  5 orc priests
  7 centaur skeletons
  3 iguanas
  Ijyb (D:4)
  6 worker ants
  4 hell rats (Lair:6)
  3 gnolls (D:4)
  8 adders
  5 shadow imps
  An adder zombie (D:6)
  6 worms
  8 leopard geckos
  39 orcs
  5 ball pythons
  8 giant cockroaches
  10 goblins
  A hobgoblin (D:2)
  2 jackals (D:3)
  27 kobolds
  3 quokkas
  7 bats
  6 frilled lizards
  A leopard gecko skeleton (D:4)
  10 rats
  A fungus (D:11)
  A plant (Lair:6)
565 creatures vanquished.

Vanquished Creatures (collateral kills)
  A fire giant (D:15)
  Nessos (D:15)
  A catoblepas (Lair:2)
  A centaur warrior (D:14)
  An ogre mage (D:15)
  3 death yaks (Lair:3)
  A skeletal warrior (D:14)
  Sonja (D:13)
  A deep elf archer (D:14)
  2 deep elf magi (D:14)
  4 ugly things (D:15)
  A centaur skeleton (D:14)
  A kobold demonologist (D:14)
  A freezing wraith (D:15)
  A komodo dragon (Lair:3)
  A troll (D:13)
  A tyrant leech (Swamp:1)
  A centaur (D:14)
  3 big kobolds (D:14)
  A bullfrog (Lair:3)
28 creatures vanquished.

Vanquished Creatures (others)
  A bush (D:11)
  18 fungi
  32 plants
51 creatures vanquished.

Grand Total: 644 creatures vanquished

Notes
Turn   | Place    | Note
-------+----------+-------------------------------------------
     0 | D:1      | opiumtea the Minotaur Berserker began the quest for the Orb.
     0 | D:1      | Reached XP level 1. HP: 19/19 MP: 0/0
   371 | D:1      | Reached XP level 2. HP: 26/26 MP: 1/1
  1221 | D:2      | Reached skill level 5 in Long Blades
  1245 | D:2      | Reached XP level 3. HP: 21/31 MP: 2/2
  1539 | D:2      | Reached ** piety under Trog
  1991 | D:2      | Reached XP level 4. HP: 41/41 MP: 3/3
  2401 | D:3      | Found a glowing drain.
  2411 | D:3      | Reached skill level 5 in Fighting
  2447 | Sewer    | Entered a sewer
  2479 | Sewer    | Noticed a big kobold
  2485 | Sewer    | Killed a big kobold
  2485 | Sewer    | Reached XP level 5. HP: 50/50 MP: 4/4
  2607 | Sewer    | Reached *** piety under Trog
  2788 | Sewer    | Reached XP level 6. HP: 59/60 MP: 5/5
  3411 | D:3      | Found an iron altar of Okawaru.
  3532 | D:4      | Noticed Ijyb
  3541 | D:4      | Killed Ijyb
  3652 | D:4      | Reached **** piety under Trog
  3657 | D:4      | Noticed a hippogriff
  3997 | D:4      | Killed a hippogriff
  3997 | D:4      | Reached XP level 7. HP: 71/71 MP: 6/6
  4517 | D:4      | Found Emimoc's Jewellery Shoppe.
  4703 | D:5      | Entered Level 5 of the Dungeon
  4737 | D:5      | Found a white marble altar of Elyvilon.
  4896 | D:5      | Reached XP level 8. HP: 75/79 MP: 7/7
  4928 | D:5      | Got a shimmering turquoise ring
  4930 | D:5      | Identified the ring of Cimu {+Blink rF- Str+2 Int+3 Dex+8} (You found it on level 5 of the Dungeon)
  5137 | D:5      | Reached skill level 1 in Slings
  5460 | D:6      | Found a shadowy altar of Dithmenos.
  5529 | D:6      | Received a gift from Trog
  5769 | D:6      | Reached skill level 5 in Slings
  6369 | D:6      | Reached XP level 9. HP: 85/85 MP: 8/8
  6416 | D:7      | Found a staircase to the Ecumenical Temple.
  7142 | D:7      | Reached ***** piety under Trog
  7457 | D:7      | Received a gift from Trog
  7945 | D:8      | Reached skill level 10 in Slings
  8229 | D:8      | Found a sparkling altar of Nemelex Xobeh.
  8529 | D:8      | Reached skill level 1 in Shields
  8672 | D:8      | Received a gift from Trog
  8946 | D:8      | Noticed a two-headed ogre
  8956 | D:8      | Killed a two-headed ogre
  8956 | D:8      | Reached skill level 5 in Shields
  8956 | D:8      | Reached XP level 10. HP: 85/92 MP: 9/9
  9226 | D:9      | Found a bloodstained altar of Trog.
  9612 | D:9      | Noticed Grum
  9628 | D:9      | Killed Grum
  9674 | D:9      | Found a staircase to the Orcish Mines.
  9871 | D:10     | Entered Level 10 of the Dungeon
  9959 | D:10     | Reached skill level 10 in Shields
  9966 | D:10     | Received a gift from Trog
 10357 | D:10     | Reached skill level 5 in Armour
 10528 | D:11     | Reached XP level 11. HP: 99/99 MP: 10/10
 10622 | D:11     | Found a staircase to the Lair.
 10879 | D:11     | Noticed a skeletal warrior
 10908 | D:11     | Killed a skeletal warrior
 10987 | D:11     | Noticed a skeletal warrior
 11020 | D:11     | Killed a skeletal warrior
 11145 | D:11     | Noticed a skeletal warrior
 11174 | D:11     | Killed a skeletal warrior
 11174 | D:11     | Reached skill level 10 in Armour
 11655 | D:12     | Killed an unseen horror
 11739 | D:12     | Noticed a two-headed ogre
 11744 | D:12     | Killed a two-headed ogre
 11855 | D:12     | Noticed Maurice
 11897 | D:12     | Reached skill level 5 in Dodging
 11929 | D:12     | Killed Maurice
 11929 | D:12     | Received a gift from Trog
 12482 | D:13     | Found a huge runed gate.
 12482 | D:13     | Found a huge runed gate.
 12482 | D:13     | Found a huge runed gate.
 12534 | Lair:1   | Entered Level 1 of the Lair of Beasts
 12560 | Lair:1   | Received a gift from Trog
 12806 | Lair:1   | Noticed Nergalle
 12815 | Lair:1   | Killed Nergalle
 13026 | Lair:1   | Reached XP level 12. HP: 97/106 MP: 11/11
 13432 | Lair:2   | Noticed Prince Ribbit
 13506 | Lair:2   | Received a gift from Trog
 13596 | Lair:2   | Found a staircase to the Swamp.
 13640 | Lair:2   | Reached ****** piety under Trog
 13643 | Lair:2   | Reached skill level 10 in Dodging
 13737 | Lair:2   | Noticed a catoblepas
 13749 | Lair:2   | Killed a catoblepas
 13799 | Lair:2   | Noticed Erica
 13829 | Lair:2   | Killed Erica
 14067 | Lair:2   | Killed Prince Ribbit
 14221 | Lair:2   | Found a hole to the Spider Nest.
 14438 | Lair:2   | Reached skill level 1 in Evocations
 14997 | Lair:3   | Noticed a death yak
 14997 | Lair:3   | Noticed a death yak
 14997 | Lair:3   | Noticed a death yak
 15011 | Lair:3   | Killed a death yak
 15013 | Lair:3   | Killed a death yak
 15015 | Lair:3   | Killed a death yak
 15127 | Lair:3   | Reached skill level 5 in Evocations
 15730 | Lair:4   | Noticed Rupert
 15731 | Lair:4   | Noticed a four-headed hydra
 15948 | Lair:4   | Paralysed by Rupert for 2 turns
 15953 | Lair:4   | Paralysed by Rupert for 2 turns
 15977 | Lair:4   | Noticed Snorg
 15987 | Lair:4   | Killed Snorg
 16015 | Lair:4   | Killed Rupert
 16015 | Lair:4   | Reached XP level 13. HP: 112/112 MP: 17/17
 16812 | Lair:5   | Received a gift from Trog
 17049 | Lair:5   | Reached skill level 10 in Long Blades
 17545 | Lair:5   | Received a gift from Trog
 17708 | Lair:6   | Entered Level 6 of the Lair of Beasts
 18084 | Lair:6   | Received a gift from Trog
 18481 | Lair:6   | Received a gift from Trog
 18990 | Lair:6   | Reached XP level 14. HP: 119/119 MP: 19/19
 19348 | Lair:6   | Received a gift from Trog
 19348 | Lair:6   | Reached skill level 10 in Fighting
 19794 | Lair:6   | Found a runed door.
 19849 | Lair:6   | Paralysed by a hornet for 2 turns
 20444 | D:13     | Noticed Sonja
 20454 | D:13     | Killed Sonja
 20454 | D:13     | Received a gift from Trog
 20740 | D:13     | Found a huge runed gate.
 21051 | D:13     | Got a crude brass ring
 21053 | D:13     | Identified the ring of Larunkox {Str+5 Dex+3} (You found it on level 13 of the Dungeon)
 21316 | D:14     | Found a glowing golden altar of the Shining One.
 21518 | D:14     | Found a snail-covered altar of Cheibriados.
 21766 | D:14     | Found a shimmering altar of Xom.
 21885 | D:14     | Received a gift from Trog
 22042 | D:14     | Found a gate to the Vaults.
 22419 | D:15     | Entered Level 15 of the Dungeon
 23076 | D:15     | Noticed a fire giant
 23088 | D:15     | Killed a fire giant
 23324 | D:15     | Found a staircase to the Depths.
 23457 | D:15     | Noticed Nessos
 23477 | D:15     | Reached XP level 15. HP: 122/138 MP: 20/20
 23504 | D:15     | Killed Nessos
 23504 | D:15     | Received a gift from Trog
 24133 | Spider:1 | Entered Level 1 of the Spider Nest
 24602 | Lair:2   | Killed a ghost moth
 25005 | D:4      | Bought an uncursed ring of resist corrosion for 280 gold pieces
 25005 | D:4      | Bought an uncursed ring of see invisible for 210 gold pieces
 25223 | Swamp:1  | Entered Level 1 of the Swamp
 25473 | Swamp:1  | Slain by a swamp drake

Vault maps used:
D:1:      matt_arrival_spirals
D:2:      first_ration, grunt_decor_one_mirror
D:3:      nicolae_overflow_hidden_temple, portal_sewer_entry_f
D:4:      serial_shops, nicolae_shop_window_shopping, corexii_leaking_fountain,
          uniq_ijyb
D:5:      elyvilon_altar_1
D:6:      cheibrodos_iron_armory, grunt_dithmenos_smoke_and_mirrors,
          centaur_isle
D:7:      minmay_temple_entry_trees
D:8:      nemelex_xobeh_ov_fountains_minmay
D:9:      orc_0_dummy, grunt_livestock, trog_ov_bears_minmay, uniq_grum
D:11:     minmay_lair_entry_grove
D:12:     uniq_maurice
D:13:     lemuel_bear_cage, uniq_sonja
D:14:     hangedman_vaults_entry_quadrant_bands, basic_altar,
          hangedman_feature_mirror
D:15:     grunt_enter_depths_giant_problem, uniq_nessos
Lair:1:   uniq_nergalle
Lair:2:   swamp_mist, spider_nest_entry_a, nicolae_quartered_pool_super,
          uniq_erica, uniq_prince_ribbit2
Lair:3:   cheibrodos_lair_caveside_slide, st_stairs_10, minivault_24,
          grunt_megastairs_3
Lair:4:   grunt_megastairs_2, uniq_snorg, uniq_rupert
Lair:5:   beast_lair_carwin_11, grunt_megastairs_1, infiniplex_staircase_pool_2
Lair:6:   wormcave, minmay_slime_entry_oklob_enclosed
Swamp:1:  evilmike_swamp_ruin_house_4, swamp_pool2
Spider:1: spider_trap, uniq_frances
Sewer:    kennysheep_pipe_town

Skill      XL: |  1  2  3  4  5  6  7  8  9 10 11 12 13 14 15 |
---------------+----------------------------------------------+-----
Long Blades    | 4 5 7 8 14 | 14.2
Fighting       | 4 6 7 9 14 | 14.0
Slings         | 7 11 12 14 | 14.2
Shields        | 5 10 | 10.0
Armour         | 6 10 | 10.4
Dodging        | 8 11 | 11.1
Evocations     | 7 8 |  8.0

Action                   |  1- 3 |  4- 6 |  7- 9 | 10-12 | 13-15 || total
-------------------------+-------+-------+-------+-------+-------++-------
Melee: Falchion          |    80 |   136 |   180 |   343 |    39 ||   778
       Headbutt          |    11 |    24 |    52 |   173 |   244 ||   504
       Great sword       |       |       |       |    91 |   525 ||   616
       Triple sword      |       |       |       |       |    16 ||    16
       Hunting sling     |       |       |       |       |     3 ||     3
 Fire: Hunting sling     |       |       |   119 |   201 |   392 ||   712
Throw: Stone             |       |     3 |       |     3 |     4 ||    10
Invok: Berserk           |       |     3 |       |     4 |     1 ||     8
       Trog's Hand       |       |       |       |     3 |     8 ||    11
       Brothers in Arms  |       |       |       |     4 |     5 ||     9
 Abil: Evoke Blink       |       |       |       |     3 |     2 ||     5
Evoke: Wand              |       |       |       |       |     4 ||     4
  Use: Scroll            |     8 |     4 |     6 |     8 |     9 ||    35
       Potion            |       |       |     1 |     2 |     8 ||    11
 Stab: Sleeping          |     1 |       |       |       |       ||     1
       Distracted        |       |       |       |     1 |       ||     1
  Eat: Chunk             |     3 |     9 |    12 |    27 |    21 ||    72
       Ration            |       |       |     1 |     1 |     4 ||     6
Armor: Animal skin       |     1 |       |       |       |       ||     1
       Leather armour    |    16 |    23 |       |       |       ||    39
       Chain mail        |       |    14 |       |       |       ||    14
       Scale mail        |       |       |    87 |    81 |       ||   168
       Plate armour      |       |       |       |    22 |   465 ||   487
Dodge: Dodged            |    41 |    74 |    88 |   201 |   621 ||  1025
Block: Buckler           |       |     1 |    24 |       |       ||    25
       Large shield      |       |       |    21 |   232 |    14 ||   267
       Rpst.: Falchion   |    14 |    18 |    21 |    26 |     8 ||    87
       Great sword       |       |       |       |    12 |   115 ||   127
       Triple sword      |       |       |       |       |     2 ||     2

Table legend:
 A = Spawn XP
 B = Non-spawn XP
 C = Spawn XP percentage of total XP
 D = Spawn monster count
 E = Non-spawn monster count
 F = Spawn count percentage of total count
 G = Total turns spent on level
                    A         B        C        D         E        F      G
               +---------+---------+-------+---------+---------+-------+---------
         Total |       0 |  117911 |   0.0 |       0 |     591 |   0.0 | 25473
               +---------+---------+-------+---------+---------+-------+---------
           D:1 |       0 |      24 |   0.0 |       0 |      14 |   0.0 |  1149
           D:2 |       0 |      75 |   0.0 |       0 |      24 |   0.0 |  1004
           D:3 |       0 |      66 |   0.0 |       0 |      24 |   0.0 |  1099
           D:4 |       0 |     582 |   0.0 |       0 |      18 |   0.0 |  1145
           D:5 |       0 |     711 |   0.0 |       0 |      13 |   0.0 |   751
           D:6 |       0 |    1338 |   0.0 |       0 |      21 |   0.0 |  1534
           D:7 |       0 |     745 |   0.0 |       0 |      19 |   0.0 |  1006
           D:8 |       0 |    2497 |   0.0 |       0 |      17 |   0.0 |  1265
           D:9 |       0 |    2491 |   0.0 |       0 |      20 |   0.0 |   778
          D:10 |       0 |    1407 |   0.0 |       0 |      31 |   0.0 |   687
          D:11 |       0 |    5933 |   0.0 |       0 |      42 |   0.0 |  1282
          D:12 |       0 |    3178 |   0.0 |       0 |      15 |   0.0 |   913
          D:13 |       0 |    6615 |   0.0 |       0 |      37 |   0.0 |   874
          D:14 |       0 |    9661 |   0.0 |       0 |      36 |   0.0 |  1226
          D:15 |       0 |   20818 |   0.0 |       0 |      48 |   0.0 |  1548
        Lair:1 |       0 |    3492 |   0.0 |       0 |      12 |   0.0 |   904
        Lair:2 |       0 |   11974 |   0.0 |       0 |      31 |   0.0 |  2287
        Lair:3 |       0 |    5203 |   0.0 |       0 |      19 |   0.0 |   873
        Lair:4 |       0 |    7513 |   0.0 |       0 |      10 |   0.0 |   994
        Lair:5 |       0 |    7393 |   0.0 |       0 |      29 |   0.0 |  1082
        Lair:6 |       0 |   21881 |   0.0 |       0 |      72 |   0.0 |  2392
       Swamp:1 |       0 |    2743 |   0.0 |       0 |      11 |   0.0 |   250
      Spider:1 |       0 |    1254 |   0.0 |       0 |       4 |   0.0 |    52
         Sewer |       0 |     317 |   0.0 |       0 |      24 |   0.0 |   378
               +---------+---------+-------+---------+---------+-------+---------
